 Dungeon Sprint DCSS version 0.20.1-1-g8b1a95d (webtiles) character file.

75119 Kingsmith the Spry (level 15, -1/144 HPs)
             Began as a Minotaur Monk on Dec 13, 2017.
             Was the Champion of Qazlal.
             Slain by Icre Loagoso the pandemonium lord (2 damage)
             ... while paralysed by Ineemm
             ... in the Dungeon (Sprint V: "Ziggurat Sprint").
             The game lasted 00:27:16 (1645 turns).

Kingsmith the Spry (Minotaur Monk)                  Turns: 1645, Time: 00:27:17

Health: -1/144     AC: 35    Str: 33    XL:     15   Next: 8%
Magic:  14/25      EV:  2    Int:  7    God:    Qazlal [******]
Gold:   0          SH:  0    Dex: 17    Spells: 5/14 levels left

rFire    + + .     SeeInvis +   K - +7 great mace "Firestarter" {inner flame, rF++}
rCold    + + +     Gourm    .   (shield currently unavailable)
rNeg     + + +     Faith    .   L - +5 gold dragon scales
rPois    ∞         Spirit   .   (helmet restricted)
rElec    +         Reflect  .   Y - +1 cloak of Starlight {rElec rC+ EV+4 Stlth--}
rCorr    .         Harm     .   T - +2 pair of gloves {Dex+3}
MR       ++...     NoTele   +   G - +0 pair of boots of Snakes and Ladders {Regen+ Str+2 Dex-5 Slay+2}
Stlth    ..........             P - amulet of regeneration
Regen    1.2/turn               W - ring of Silir {rF- rN++ MR+ Str+9 SInv}
MPRegen  0.2/turn               E - ring of Tushro Niar {rElec Dex+6}

@: paralysed, petrified, protected from cold, hasted, repel missiles
A: retaliatory headbutt, horns 2
a: Upheaval, Elemental Force, Disaster Area, Renounce Religion


You were in the Dungeon.
You worshipped Qazlal.
Qazlal was exalted by your worship.
You were not hungry.

You visited 1 branch

Inventory:

Hand Weapons
 C - the +5 demon whip "Spellbinder" {antimagic, MR+}
   (You found it in the Dungeon)

   It reduces the magical energy of the wielder, and disrupts the spells and
   magical abilities of those hit.
   Natural abilities and divine invocations are not affected.
   It affects your resistance to hostile enchantments.
 K - the +7 great mace "Firestarter" (weapon) {inner flame, rF++}
   (You found it in the Dungeon)

   It has been specially enchanted to burn those struck by it, causing extra
   injury to most foes and up to half again as much damage against particularly
   susceptible opponents.
   It greatly protects you from fire.
Armour
 G - the +0 pair of boots of Snakes and Ladders (worn) {Regen+ Str+2 Dex-5 Slay+2}
   (You found it in the Dungeon)

   It affects your strength (+2).
   It affects your dexterity (-5).
   It affects your accuracy and damage with ranged weapons and melee attacks
   (+2).
   It increases your rate of regeneration.
 L - +5 gold dragon scales (worn)
 T - a +2 pair of gloves of dexterity (worn)
 Y - the +1 cloak of Starlight (worn) {rElec rC+ EV+4 Stlth--}
   (You found it in the Dungeon)

   It affects your evasion (+4).
   It protects you from cold.
   It insulates you from electricity.
   It makes you much less stealthy.
Jewellery
 b - an uncursed ring of protection from magic
 D - an uncursed ring of protection from cold
 E - the ring of Tushro Niar (right hand) {rElec Dex+6}
   (You found it in the Dungeon)

   [ring of dexterity]

   It affects your dexterity (+6).
   It insulates you from electricity.
 H - the ring "Kisap" {Ice Int+4 Dex+4 SInv}
   (You found it in the Dungeon)

   [ring of ice]

   It enhances your ice magic.
   It affects your intelligence (+4).
   It affects your dexterity (+4).
   It makes you vulnerable to fire.
   It protects you from cold.
   It lets you see invisible.
 I - an uncursed ring of flight
 P - an amulet of regeneration (around neck)
 V - the ring of the Good {Fire +Blink MR+ Int-3 Slay+3}
   (You found it in the Dungeon)

   [ring of fire]

   It enhances your fire magic.
   It affects your intelligence (-3).
   It affects your accuracy and damage with ranged weapons and melee attacks
   (+3).
   It protects you from fire.
   It makes you vulnerable to cold.
   It affects your resistance to hostile enchantments.
   It lets you blink.
 W - the ring of Silir (left hand) {rF- rN++ MR+ Str+9 SInv}
   (You found it in the Dungeon)

   [ring of protection from magic]

   It affects your strength (+9).
   It makes you vulnerable to fire.
   It greatly protects you from negative energy.
   It affects your resistance to hostile enchantments.
   It lets you see invisible.
Wands
 y - a wand of disintegration (7/24)
 z - a wand of iceblast (5/15)
 A - a wand of lightning (5/15)
 B - a wand of acid (5/15)
Scrolls
 i - 4 scrolls of blinking
 p - 4 scrolls of amnesia
 q - 4 scrolls of recharging
 r - 7 scrolls of fog
 s - a scroll of holy word
 t - 5 scrolls of identify
 u - 5 scrolls of remove curse
 v - 2 scrolls of fear
 Q - 4 scrolls of enchant armour
 Z - 2 scrolls of brand weapon
Potions
 d - 10 potions of curing
 e - 8 potions of heal wounds
 f - 6 potions of haste
 g - 6 potions of magic
 h - 3 potions of berserk rage
 j - 2 potions of brilliance
 k - 2 potions of invisibility
 l - 4 potions of resistance
 n - 6 potions of agility
 o - 5 potions of might
Books
 R - a book of Annihilations

   Spells                             Type                      Level
   a - Poison Arrow                   Conjuration/Poison           6
   b - Chain Lightning                Conjuration/Air              8
   c - Lehudib's Crystal Spear        Conjuration/Earth            8
   d - Glaciate                       Conjuration/Ice              9
   e - Fire Storm                     Conjuration/Fire             9
 U - a book of the Tempests

   Spells                             Type                      Level
   a - Static Discharge               Conjuration/Air              3
   b - Lightning Bolt                 Conjuration/Air              5
   c - Ignition                       Fire                         8
   d - Tornado                        Air                          9
   e - Shatter                        Earth                        9
 X - a Grand Grimoire

   Spells                             Type                      Level
   a - Monstrous Menagerie            Summoning                    7
   b - Summon Greater Demon           Summoning                    7
   c - Malign Gateway                 Summoning/Translocation      7
   d - Summon Horrible Things         Summoning                    8
Miscellaneous
 F - a fan of gales
 J - a lightning rod (4/4)
 M - 4 phantom mirrors
 N - a lamp of fire
 S - a phial of floods
Comestibles
 a - 2 royal jellies
 c - 5 bread rations
 w - 40 fruits
 x - 4 meat rations


   Skills:
 - Level 16.1 Fighting
 + Level 19.2 Maces & Flails
 - Level 18.8 Armour
 - Level 20.3 Dodging
 - Level 1.6 Stealth
 - Level 8.4 Air Magic
 - Level 15.8 Invocations
 - Level 10.2 Evocations


You had 5 spell levels left.
You knew the following spells:

 Your Spells              Type           Power        Failure   Level  Hunger
a - Tornado               Air            ##........   100%        9    #######


Dungeon Overview and Level Annotations

Branches:
Dungeon (1/1)

Altars:
Ashenzari
Cheibriados
Dithmenos
Elyvilon
Fedhas
Gozag
Hepliaklqana
Kikubaaqudgha
Makhleb
Nemelex Xobeh
Okawaru
Qazlal
Ru
Sif Muna
Trog
Uskayaw
Vehumet
Xom
Yredelemnul
Zin
The Shining One
Beogh
Jiyva
Lugonu


Innate Abilities, Weirdness & Mutations

You reflexively headbutt those who attack you in melee.
You have a pair of horns on your head.


Message History

* * * LOW HITPOINT WARNING * * *
The orange demon stings you but does no damage.
The wraith hits you but does no damage. Copsih hits you.
* * * LOW HITPOINT WARNING * * *
Your resistance to electricity fades away.
You feel protected from physical attacks.
Your resistance to physical damage fades away.
You feel protected from fire.
Icre Loagoso is engulfed in freezing vapours.
Icre Loagoso hits you but does no damage.
Lonuikk hits you!!
* * * LOW HITPOINT WARNING * * *
Your resistance to fire fades away.
You feel protected from physical attacks.
Your resistance to physical damage fades away.
You feel protected from cold. Copsih hits you but does no damage.
Icre Loagoso sneers, "Taste defeat, thou defiled half-faced simpleton!"
Icre Loagoso hits you.
You die...

.))..8▓ ▓...=.|}))
....._▓
.*─.w.........▓.........
.....8▓
...............▓...".....
....._▓
....≈..........▓.........
.....8▓
........1......▓.........
.|..._▓
.......44&...≈.▓.........
.....8▓
......26&64X...▓..▓%.)...
....._▓
.....44&&W§....▓)▓▓▓.....
.....8▓
.....2.&@&.....▓.§▓).....
....._▓
...≈...3W3§....▓.§)......
.8_8_8▓
......§§§......▓.........
▓▓▓▓▓▓▓
..≈............▓▓▓▓▓▓▓▓▓▓
...............▓.....8©8.
▓▓▓▓▓▓▓▓▓▓▓▓▓▓▓▓..::)[}).
▓..}|=.}.) ▓......=..
▓.........


You could see Copsih, Icre Loagoso, Ineemm, Lonuikk, Toje, Ysaegaotauto, an
eldritch tentacle, a Tzitzimitl, a green death, a gelid blood saint, a soul
eater, a sun demon, a torturous demonspawn, an orange demon, a large
abomination, a rust devil, a tormentor, 2 chaos spawn, 2 wraiths and a red
devil.

Vanquished Creatures
  A greater mummy (D)
  2 quicksilver dragons (D)
  An acid blob (D)
  4 iron dragons (D)
  3 reapers (D)
  A very ugly thing (D)
  A red draconian (D)
  A purple draconian (D)
  A yellow draconian (D)
  A death ooze (D)
  A mummy priest (D)
  2 crystal guardians (D)
  An ice dragon (D)
  A satyr (shapeshifter) (D)
  A shock serpent (shapeshifter) (D)
  2 sun demons (D)
  2 iron golems (D)
  A sixfirhy (D)
  A glowing orange brain (shapeshifter) (D)
  A skeletal warrior (D)
  2 orb spiders (D)
  An ugly thing (D)
  An orb spider (shapeshifter) (D)
  5 draconians (D)
  4 wolf spiders (D)
  A shining eye (shapeshifter) (D)
  4 rust devils (D)
  A water nymph (shapeshifter) (D)
  A torpor snail (D)
  2 gargoyles (D)
  A spiny frog (D)
  A komodo dragon (D)
  3 demonic crawlers (D)
  2 hellions (D)
  2 tormentors (D)
  A guardian mummy (D)
  4 jumping spiders (D)
  4 merfolk (D)
  3 hornets (D)
  A hornet (shapeshifter) (D)
  5 slime creatures (D)
  A hippogriff (D)
  A dream sheep (shapeshifter) (D)
  2 flying skulls (D)
  4 shadows (D)
  A tarantella (D)
  3 redbacks (D)
  A spriggan (D)
  A hog (shapeshifter) (D)
  3 yaks (D)
  2 ushabtiu (D)
  A golden eye (D)
  A hungry ghost (D)
  A neqoxec (D)
  A water moccasin (D)
  A floating eye (D)
  A porcupine (D)
  A hell hound (D)
  2 ice beasts (D)
  2 phantoms (D)
  5 wolves (D)
  2 necrophages (D)
  A centaur (D)
  A bullfrog (D)
  2 earth elementals (D)
  2 wights (D)
  A crimson imp (D)
  2 iron imps (D)
  An iguana (D)
  6 mummies (D)
  An adder (D)
  A river rat (D)
  A white imp (D)
  3 oozes (D)
  4 adder zombies (D)
  2 adder skeletons (D)
  4 bat skeletons (D)
  4 bat zombies (D)
  A jackal (D)
  3 ball python skeletons (D)
  A ball python zombie (D)
  A jackal skeleton (D)
  2 leopard gecko zombies (D)
  3 quokka zombies (D)
162 creatures vanquished.

Vanquished Creatures (collateral kills)
  A freezing wraith (D)
  A tormentor (D)
  A red devil (D)
  A slime creature (D)
  A flying skull (D)
  A jelly (D)
  An adder (D)
  A ball python (D)
8 creatures vanquished.

Vanquished Creatures (others)
  A bat skeleton (D)
1 creature vanquished.

Grand Total: 171 creatures vanquished

Notes
Turn   | Place    | Note
-------+----------+-------------------------------------------
     0 | D        | Kingsmith the Minotaur Monk began the quest for the Orb.
     0 | D        | Reached XP level 1. HP: 19/19 MP: 0/0
     0 | D        | Found a deep blue altar of Sif Muna.
     0 | D        | Found a bloodstained altar of Trog.
     0 | D        | Found a sacrificial altar of Ru.
     0 | D        | Found a stormy altar of Qazlal.
     0 | D        | Found an iron altar of Okawaru.
     3 | D        | Found a sparkling altar of Nemelex Xobeh.
     3 | D        | Found a blossoming altar of Fedhas.
     5 | D        | Found a transporter.
     5 | D        | Found an ancient bone altar of Kikubaaqudgha.
     5 | D        | Found a viscous altar of Jiyva.
     5 | D        | Found a corrupted altar of Lugonu.
     5 | D        | Found a hazy altar of Hepliaklqana.
     5 | D        | Found a burning altar of Makhleb.
     5 | D        | Found an opulent altar of Gozag.
    76 | D        | Became a worshipper of Qazlal Stormbringer
    76 | D        | Reached * piety under Qazlal
    76 | D        | Reached ** piety under Qazlal
    89 | D        | Entered arena 2.
    89 | D        | Noticed an iron imp
    89 | D        | Found a transporter.
    96 | D        | Killed an iron imp
    96 | D        | Reached skill level 5 in Fighting
    96 | D        | Reached skill level 5 in Maces & Flails
    96 | D        | Reached skill level 4 in Dodging
    96 | D        | Reached skill level 1 in Evocations
    96 | D        | Reached XP level 2. HP: 14/29 MP: 1/1
    96 | D        | Reached XP level 3. HP: 17/36 MP: 2/2
   255 | D        | Entered arena 3.
   255 | D        | Noticed a yak
   255 | D        | Noticed a yak
   255 | D        | Found a transporter.
   262 | D        | Killed a yak
   262 | D        | Reached *** piety under Qazlal
   262 | D        | Reached skill level 5 in Dodging
   262 | D        | Reached XP level 4. HP: 36/48 MP: 2/5
   262 | D        | Reached XP level 5. HP: 39/53 MP: 2/6
   262 | D        | Killed a yak
   262 | D        | Reached skill level 6 in Dodging
   262 | D        | Reached XP level 6. HP: 47/63 MP: 2/7
   313 | D        | Entered arena 4.
   313 | D        | Noticed a water moccasin
   313 | D        | Found a transporter.
   317 | D        | Killed a water moccasin
   383 | D        | Entered arena 5.
   383 | D        | Noticed a floating eye
   383 | D        | Noticed a golden eye
   383 | D        | Noticed a slime creature
   383 | D        | Found a transporter.
   385 | D        | Paralysed by a floating eye for 4 turns
   390 | D        | Reached **** piety under Qazlal
   394 | D        | Paralysed by a floating eye for 3 turns
   397 | D        | Killed a slime creature
   397 | D        | Killed a floating eye
   397 | D        | Reached skill level 10 in Fighting
   397 | D        | Reached skill level 10 in Maces & Flails
   397 | D        | Reached XP level 7. HP: 67/72 MP: 9/9
   397 | D        | Reached skill level 7 in Dodging
   397 | D        | Reached skill level 5 in Evocations
   399 | D        | Killed a golden eye
   444 | D        | Identified Myidoph's Incunabulum of Transmutation and Snow (You found it in the Dungeon)
   452 | D        | Entered arena 6.
   452 | D        | Found a transporter.
   453 | D        | Reached ***** piety under Qazlal
   457 | D        | Reached skill level 10 in Armour
   458 | D        | Reached XP level 8. HP: 77/82 MP: 9/11
   475 | D        | Entered arena 7.
   475 | D        | Noticed a hippogriff
   475 | D        | Noticed a merfolk
   475 | D        | Noticed a merfolk
   475 | D        | Noticed a merfolk
   475 | D        | Noticed a merfolk
   481 | D        | Found a transporter.
   481 | D        | Killed a hippogriff
   483 | D        | Killed a merfolk
   483 | D        | Killed a merfolk
   483 | D        | Reached skill level 8 in Dodging
   483 | D        | Killed a merfolk
   483 | D        | Killed a merfolk
   483 | D        | Reached ****** piety under Qazlal
   483 | D        | Reached XP level 9. HP: 50/91 MP: 12/12
   509 | D        | Got the ring of Lady Luck {MP+9 Dex+4}
   523 | D        | Entered arena 8.
   523 | D        | Noticed a spriggan rider
   524 | D        | Reached skill level 9 in Dodging
   524 | D        | Reached skill level 1 in Invocations
   529 | D        | Found a transporter.
   532 | D        | Reached skill level 10 in Dodging
   562 | D        | Entered arena 9.
   562 | D        | Noticed a komodo dragon
   562 | D        | Noticed a spiny frog
   567 | D        | Killed a spiny frog
   568 | D        | Killed a komodo dragon
   569 | D        | Found a transporter.
   570 | D        | Reached skill level 10 in Evocations
   607 | D        | Entered arena 10.
   607 | D        | Noticed a draconian
   607 | D        | Noticed a draconian
   607 | D        | Noticed a draconian
   607 | D        | Noticed a purple draconian
   607 | D        | Noticed a yellow draconian
   607 | D        | Noticed a draconian
   607 | D        | Noticed a red draconian
   607 | D        | Noticed a draconian
   609 | D        | Found a transporter.
   620 | D        | Killed a red draconian
   620 | D        | Killed a draconian
   620 | D        | Reached XP level 10. HP: 69/100 MP: 2/16
   621 | D        | Killed a draconian
   621 | D        | Reached skill level 10 in Invocations
   626 | D        | Killed a yellow draconian
   627 | D        | Killed a draconian
   630 | D        | Killed a draconian
   630 | D        | Killed a draconian
   631 | D        | Killed a purple draconian
   631 | D        | Reached XP level 11. HP: 50/105 MP: 4/20
   647 | D        | Got the ring of the Good {Fire +Blink MR+ Int-3 Slay+3}
   652 | D        | Got the ring of Silir {rF- rN++ MR+ Str+9 SInv}
   755 | D        | Learned a level 9 spell: Tornado
   758 | D        | Entered arena 11.
   759 | D        | Found a transporter.
   769 | D        | Reached skill level 1 in Air Magic
   772 | D        | Got the ring of Tushro Niar {rElec Dex+6}
   803 | D        | Entered arena 12.
   803 | D        | Noticed an acid blob
   803 | D        | Noticed a death ooze
   811 | D        | Killed a death ooze
   811 | D        | Killed an acid blob
   813 | D        | Found a transporter.
   850 | D        | Entered arena 13.
   852 | D        | Reached skill level 15 in Invocations
   854 | D        | Found a transporter.
   896 | D        | Entered arena 14.
   897 | D        | Noticed an anaconda
   897 | D        | Noticed a red very ugly thing
   897 | D        | Noticed a wolf spider
   897 | D        | Noticed a lindwurm
   897 | D        | Noticed an ettin
   897 | D        | a wolf spider changed into an ettin
   897 | D        | a lindwurm changed into a guardian serpent
   899 | D        | Noticed a green ugly thing
   899 | D        | Noticed an entropy weaver
   900 | D        | Noticed a shock serpent
   900 | D        | a slime creature changed into a shock serpent
   901 | D        | Noticed a shining eye
   901 | D        | an anaconda changed into a shining eye
   901 | D        | Noticed an alligator
   901 | D        | an ettin changed into an alligator
   902 | D        | Killed a shining eye
   902 | D        | Noticed a satyr
   902 | D        | an entropy weaver changed into a satyr
   902 | D        | Noticed an orb spider
   902 | D        | a guardian serpent changed into an orb spider
   903 | D        | Noticed a spark wasp
   903 | D        | an alligator changed into a spark wasp
   906 | D        | Killed a shock serpent
   906 | D        | Reached skill level 15 in Fighting
   906 | D        | Killed a satyr
   906 | D        | Reached XP level 12. HP: 74/122 MP: 11/22
   906 | D        | Noticed an ice dragon
   906 | D        | a spark wasp changed into an ice dragon
   907 | D        | Killed a green very ugly thing
   908 | D        | Found a transporter.
   909 | D        | an ice dragon changed into a glowing orange brain
  1054 | D        | Entered arena 15.
  1055 | D        | Noticed a greater mummy
  1056 | D        | Noticed a mummy priest
  1058 | D        | Killed a mummy priest
  1058 | D        | Reached skill level 15 in Armour
  1061 | D        | Found a transporter.
  1065 | D        | Noticed an emperor scorpion
  1065 | D        | Noticed an emperor scorpion
  1065 | D        | Killed a greater mummy
  1077 | D        | Got the +0 pair of boots of Snakes and Ladders {Regen+ Str+2 Dex-5 Slay+2}
  1227 | D        | Entered arena 16.
  1228 | D        | Noticed an iron dragon
  1228 | D        | Noticed a crystal guardian
  1228 | D        | Noticed a crystal guardian
  1228 | D        | Noticed a quicksilver dragon
  1228 | D        | Noticed an iron dragon
  1228 | D        | Noticed a quicksilver dragon
  1229 | D        | Noticed an iron dragon
  1232 | D        | Noticed an iron dragon
  1236 | D        | Killed a quicksilver dragon
  1236 | D        | Reached skill level 12 in Dodging
  1239 | D        | Killed a quicksilver dragon
  1239 | D        | Reached skill level 14 in Dodging
  1239 | D        | Reached XP level 13. HP: 59/128 MP: 10/23
  1242 | D        | Killed an iron dragon
  1242 | D        | Reached skill level 15 in Dodging
  1242 | D        | Killed an iron dragon
  1242 | D        | Killed an iron dragon
  1242 | D        | Reached skill level 16 in Dodging
  1242 | D        | Killed a crystal guardian
  1242 | D        | Killed a crystal guardian
  1242 | D        | Reached skill level 17 in Dodging
  1246 | D        | Killed an iron dragon
  1246 | D        | Reached skill level 18 in Dodging
  1251 | D        | Found a transporter.
  1260 | D        | Got the amulet "Loytenlou" {Harm *Drain MR++ Str+4 Slay-5 SInv}
  1287 | D        | Identified the Grimoire of the Dropbear (You found it in the Dungeon)
  1327 | D        | Entered arena 17.
  1333 | D        | Noticed a reaper
  1333 | D        | Noticed a reaper
  1334 | D        | Noticed a reaper
  1349 | D        | Killed a reaper
  1349 | D        | Killed a reaper
  1349 | D        | Reached skill level 19 in Dodging
  1351 | D        | Killed a reaper
  1351 | D        | Reached skill level 20 in Dodging
  1359 | D        | Found a transporter.
  1461 | D        | Got the ring "Jubosaf" {Wiz +Inv +Fly Dex+8 Stlth-}
  1465 | D        | Got the ring "Kisap" {Ice Int+4 Dex+4 SInv}
  1481 | D        | Entered arena 18.
  1495 | D        | Found a transporter.
  1527 | D        | Reached skill level 15 in Maces & Flails
  1527 | D        | Reached XP level 14. HP: 137/137 MP: 24/24
  1532 | D        | Entered arena 19.
  1538 | D        | Reached XP level 15. HP: 139/144 MP: 17/25
  1541 | D        | Found a transporter.
  1631 | D        | Entered arena 20.
  1635 | D        | Noticed Icre Loagoso the pandemonium lord
  1635 | D        | Noticed Copsih the pandemonium lord
  1635 | D        | Noticed Ysaegaotauto the pandemonium lord
  1635 | D        | Noticed a Tzitzimitl
  1635 | D        | Noticed Ineemm the pandemonium lord
  1636 | D        | Noticed Lonuikk the pandemonium lord
  1638 | D        | Noticed Toje the pandemonium lord
  1643 | D        | Paralysed by Ineemm for 6 turns
  1645 | D        | HP: 1/144 [Lonuikk the pandemonium lord (11)]
  1645 | D        | Slain by Icre Loagoso the pandemonium lord

Skill      XL: |  1  2  3  4  5  6  7  8  9 10 11 12 13 14 15 |
---------------+----------------------------------------------+-----
Fighting       | 5 7 9 10 11 12 15 16 | 16.1
Maces & Flails | 5 8 9 10 11 12 15 17 19 | 19.2
Armour         | 2 6 7 8 10 11 12 18 | 18.8
Dodging        | 4 5 6 7 8 10 14 20 | 20.3
Evocations     | 1 3 4 5 6 10 | 10.2
Invocations    | 6 14 15 | 15.8
Air Magic      | 8 |  8.4
Stealth        | |  1.6

Action                   |  1- 3 |  4- 6 |  7- 9 | 10-12 | 13-15 || total
-------------------------+-------+-------+-------+-------+-------++-------
Melee: Great mace        |    10 |     8 |    29 |    37 |    21 ||   105
       Headbutt          |     1 |     1 |     3 |    14 |     8 ||    27
Invok: Elemental Force   |       |     1 |       |       |     2 ||     3
       Disaster Area     |       |       |     2 |     4 |     7 ||    13
       Upheaval          |       |       |     1 |     3 |       ||     4
Evoke: Lightning rod     |       |       |     8 |     3 |     1 ||    12
       Lamp of fire      |       |       |     1 |     3 |     1 ||     5
       Phial of floods   |       |       |       |     1 |     1 ||     2
  Use: Potion            |       |       |     1 |     1 |     6 ||     8
       Scroll            |       |       |     1 |       |       ||     1
  Eat: Fruit             |       |       |       |       |     2 ||     2
       Royal jelly       |       |       |       |       |     1 ||     1
Armor: Gold dragon scale |     8 |    11 |    36 |    28 |    36 ||   119
Dodge: Dodged            |     2 |     7 |    31 |    23 |    34 ||    97
       Deflected         |       |       |     3 |     2 |       ||     5
Block: Other             |       |     2 |    25 |    17 |    10 ||    54
